 Dungeon Crawl Stone Soup version 0.28.0-53-g5a82cb258f (webtiles) character file.

Game seed: 11462970059555884756

604754 suse60 the Conqueror (level 26, -8/181 (266) HPs)
             Began as a Minotaur Fighter on July 14, 2022.
             Was the Champion of Makhleb.
             Killed from afar by a wendigo (40 damage)
             ... with a seracfall
             ... on level 3 of Cocytus on Aug 3, 2022.
             The game lasted 10:38:17 (65200 turns).

suse60 the Conqueror (Minotaur Fighter)            Turns: 65200, Time: 10:38:17

HP:   -8/181 (266)  AC: 53    Str: 33      XL:     26   Next: 7%
MP:   32/32         EV: 19    Int:  3 (5)  God:    Makhleb [******]
Gold: 6613          SH: 32    Dex: 17 (21) Spells: 25/25 levels left

rFire   . . .      SeeInvis .   a - +9 war axe (spect)
rCold   + + .      Faith    .   l - +5 tower shield {AC+3}
rNeg    . . .      Spirit   .   e - +14 plate armour "Meisum" {Contam Dex+3 Stlth+}
rPois   +          Reflect  +   h - +2 hat
rElec   .          Harm     .   E - +2 cloak
rCorr   .          Rampage  ∞   G - +2 pair of gloves
Will    +....      Clarity  +   z - +3 pair of seven-league boots {Rampage+∞}
Stlth   ..........              K - amulet of reflection
HPRegen 0.40/turn               f - ring of flight
MPRegen 0.23/turn               c - ring of Qatohos {rC+ Str+6}

@: flying, studying Slings, very heavily drained, frozen potions
A: horns 2, retaliatory headbutt, iridescent scales 2, agile 1, clarity, cold
resistance 1, deformed body, poison resistance
}: 4/15 runes: decaying, serpentine, slimy, silver
a: Renounce Religion, Minor Destruction, Lesser Servant of Makhleb, Major
Destruction, Greater Servant of Makhleb


You were on level 3 of Cocytus.
You worshipped Makhleb.
Makhleb was exalted by your worship.
You visited 13 branches of the dungeon, and saw 54 of its levels.
You visited the Abyss 3 times.
You also visited: Sewer, Ossuary, Gauntlet, Ice Cave and Volcano.

You collected 9181 gold pieces.
You spent 2568 gold pieces at shops.

Inventory:

Hand Weapons
 a - a +9 spectral war axe (weapon)
 x - a +3 broad axe of flaming
Armour
 e - the +14 plate armour "Meisum" (worn) {Contam Dex+3 Stlth+}
   (You acquired it on level 2 of the Dungeon)

   Dex:       It affects your dexterity (+3).
   Contam:    It causes magical contamination when unequipped.
   Stlth:     It makes you more stealthy.
 h - a +2 hat (worn)
 l - a +5 tower shield of protection (worn)
 z - the +3 pair of seven-league boots (worn) {Rampage+∞}
   (You acquired it on level 10 of the Dungeon)

   Its wearer moves as far as possible in that direction when moving towards
   enemies.
 E - a +2 cloak (worn)
 G - a +2 pair of gloves (worn)
Jewellery
 c - the ring of Qatohos (right hand) {rC+ Str+6}
   (You bought it in a shop on level 2 of the Orcish Mines)

   [ring of strength]

   Str:       It affects your strength (+6).
   rC:        It protects you from cold.
 f - a ring of flight (left hand)
 r - a ring of see invisible
 t - the ring "Syerph" {rPois rF++ rCorr Str+6 Slay+3}
   (You found it on level 2 of the Lair of Beasts)

   [ring of strength]

   Str:       It affects your strength (+6).
   Slay:      It affects your accuracy & damage with ranged weapons and melee
   (+3).
   rF:        It greatly protects you from fire.
   rPois:     It protects you from poison.
   rCorr:     It protects you from acid and corrosion.
 K - an amulet of reflection (around neck)
 L - a ring of positive energy
Wands
 n - a wand of acid (21)
 A - a wand of digging (41)
 I - a wand of iceblast (37)
Scrolls
 g - 13 scrolls of teleportation
 i - 2 scrolls of magic mapping
 m - 13 scrolls of identify
 u - 7 scrolls of fear
 v - 4 scrolls of summoning
 w - 4 scrolls of fog
 y - a scroll of holy word
 C - 6 scrolls of blinking
Miscellaneous
 j - the horn of Geryon
 B - a condenser vane


   Skills:
 O Level 27 Fighting
 O Level 27 Axes
 + Level 25.7 Armour
 - Level 20.0 Dodging
 - Level 20.0 Shields
 - Level 14.0 Invocations
 + Level 8.4 Evocations


You had 25 spell levels left.
You didn't know any spells.
Your spell library contained the following spells:

 Spells                   Type           Power      Damage    Failure   Level
 Animate Skeleton         Necr           0%         N/A       98%         1
 Apportation              Tloc           0%         N/A       98%         1
 Magic Dart               Conj           0%         1d3       98%         1
 Pain                     Necr           0%         1d4       98%         1
 Sandblast                Erth           0%         2d4       98%         1
 Sting                    Tmut/Pois      0%         1d3       98%         1
 Summon Small Mammal      Summ           0%         N/A       98%         1
 Blink                    Tloc           0%         N/A       99%         2
 Call Imp                 Summ           0%         N/A       99%         2
 Corpse Rot               Necr/Air       0%         N/A       99%         2
 Ensorcelled Hibernation  Hex/Ice        0%         N/A       99%         2
 Passwall                 Tmut/Erth      0%         N/A       99%         2
 Poisonous Vapours        Pois/Air       0%         N/A       99%         2
 Static Discharge         Conj/Air       0%         N/A       99%         2
 Sublimation of Blood     Necr           0%         N/A       99%         2
 Dazzling Flash           Conj/Hex       0%         N/A       100%        3
 Gell's Gravitas          Tloc           0%         N/A       100%        3
 Inner Flame              Hex/Fire       0%         N/A       100%        3
 Lesser Beckoning         Tloc           0%         N/A       100%        3
 Mephitic Cloud           Conj/Pois/Air  0%         N/A       100%        3
 Ozocubu's Armour         Ice            0%         N/A       100%        3
 Portal Projectile        Hex/Tloc       0%         N/A       100%        3
 Stone Arrow              Conj/Erth      0%         3d7       100%        3
 Summon Guardian Golem    Hex/Summ       0%         N/A       100%        3
 Swiftness                Air            0%         N/A       100%        3
 Teleport Other           Tloc           0%         N/A       100%        3
 Vampiric Draining        Necr           0%         2d6       100%        3
 Airstrike                Air            0%         N/A       100%        4
 Animate Armour           Summ/Erth      0%         N/A       100%        4
 Animate Dead             Necr           0%         N/A       100%        4
 Cause Fear               Hex            0%         N/A       100%        4
 Dispel Undead            Necr           0%         3d6       100%        4
 Iskenderun's Mystic Bla  Conj/Tloc      0%         2d3       100%        4
 Leda's Liquefaction      Hex/Erth       0%         N/A       100%        4
 Olgreb's Toxic Radiance  Pois           0%         N/A       100%        4
 Petrify                  Tmut/Erth      0%         N/A       100%        4
 Sticky Flame             Conj/Fire      0%         2d3       100%        4
 Summon Ice Beast         Ice/Summ       0%         N/A       100%        4
 Summon Lightning Spire   Summ/Air       0%         N/A       100%        4
 Blade Hands              Tmut           0%         N/A       100%        5
 Borgnjor's Vile Clutch   Necr/Erth      0%         N/A       100%        5
 Excruciating Wounds      Necr           0%         N/A       100%        5
 Fireball                 Conj/Fire      0%         3d3       100%        5
 Irradiate                Conj/Tmut      0%         3d13      100%        5
 Iskenderun's Battlesphe  Conj           0%         2d6       100%        5
 Lee's Rapid Deconstruct  Erth           0%         3d5*      100%        5
 Lightning Bolt           Conj/Air       0%         1d11      100%        5
 Manifold Assault         Tloc           0%         N/A       100%        5
 Metabolic Englaciation   Hex/Ice        0%         N/A       100%        5
 Summon Forest            Summ/Tloc      0%         N/A       100%        5
 Summon Mana Viper        Hex/Summ       0%         N/A       100%        5
 Yara's Violent Unravell  Hex/Tmut       0%         3d3       100%        5
 Conjure Ball Lightning   Conj/Air       0%         3x3d6     100%        6
 Death Channel            Necr           0%         N/A       100%        6
 Dispersal                Tloc           0%         N/A       100%        6
 Iron Shot                Conj/Erth      0%         9d1       100%        6
 Starburst                Conj/Fire      0%         6d3       100%        6
 Statue Form              Tmut/Erth      0%         N/A       100%        6
 Summon Cactus Giant      Summ           0%         N/A       100%        6
 Dragon Form              Tmut           0%         N/A       100%        7
 Haunt                    Necr/Summ      0%         N/A       100%        7
 Monstrous Menagerie      Summ           0%         N/A       100%        7
 Orb of Destruction       Conj           0%         9d5       100%        7
 Ozocubu's Refrigeration  Ice            0%         4d5       100%        7
 Spellforged Servitor     Conj/Summ      0%         N/A       100%        7
 Storm Form               Tmut/Air       0%         N/A       100%        7
 Discord                  Hex            0%         N/A       100%        8
 Ignition                 Fire           0%         3d3       100%        8
 Infestation              Necr           0%         N/A       100%        8
 Polar Vortex             Ice            0%         N/A       100%        9


Dungeon Overview and Level Annotations

Branches:
Dungeon (15/15)            Temple (1/1) D:4            Lair (6/6) D:9
  Swamp (4/4) Lair:2        Snake (4/4) Lair:3        Slime (5/5) Lair:6
    Orc (2/2) D:12            Elf (3/3) Orc:2        Vaults (5/5) D:13
  Crypt (3/3) Vaults:3       Tomb (0/3) Crypt:3      Depths (2/4) D:15
   Hell (visited)             Dis (0/7) Hell            Geh (0/7) Hell
    Coc (3/7) Hell            Tar (0/7) Hell          Sewer (visited)
Ossuary (visited)           IceCv (visited)         Volcano (visited)
Gauntlet (visited)

Altars:
Ashenzari
Cheibriados
Dithmenos
Elyvilon
Fedhas
Hepliaklqana
Kikubaaqudgha
Makhleb
Nemelex Xobeh
Qazlal
Ru
Trog
Uskayaw
Wu Jian
Xom
Yredelemnul
Zin
Jiyva

Shops:
D:15 (   Orc:2 =*?[   Elf:1 *   Elf:2 ?::=   Elf:3 !(:**   Snake:1 *
Snake:2 *   Vaults:2 :   Vaults:3 [[

Portals:
Hell: Depths:1 Depths:2
Pandemonium: Depths:1 Depths:2
Ziggurat: Depths:1

Annotations:
Lair:3 exclusion: orange crystal statue
Depths:1 2 transporters, Nerphodd's ghost, adept DgCj


Innate Abilities, Weirdness & Mutations

You have a pair of horns on your head.
You reflexively headbutt those who attack you in melee.
You are mostly covered in iridescent scales. (AC +4)
You are agile. (Dex +2)
You possess an exceptional clarity of mind.
Your flesh is cold resistant. (rC+)
Armour fits poorly on your strangely shaped body.
Your system is resistant to poisons. (rPois)


Message History

Your +9 spectral war axe partially resists.
Your spectral weapon shares its damage with you!
Your +9 spectral war axe fades away.
The frost giant is engulfed in freezing vapours.
You block the frost giant's attack.
An Ice Fiend comes into view.
The Ice Fiend roars!
The frost giant is engulfed in freezing vapours.
The frost giant points at you and mumbles some strange words.
The bolt of cold misses you.
The bolt of cold hits the water elemental!!
An Ice Fiend comes into view.
The water elemental is engulfed in freezing vapours.
You block the water elemental's attack.
The Ice Fiend calls on the powers of darkness!
The frost giant convulses!
Your body is wracked with pain!
The frost giant is engulfed in freezing vapours.
The water elemental is engulfed in freezing vapours.
The water elemental is destroyed!
The water elemental disappears in a puff of smoke!
The water elemental is engulfed in freezing vapours.
You block the water elemental's attack.
You stride towards the water elemental!
You open the water elemental like a pillowcase!!!
You destroy the water elemental!
The water elemental disappears in a puff of smoke!
The Ice Fiend calls on the powers of darkness!
Your body is wracked with pain!
* * * LOW HITPOINT WARNING * * *
The frost giant convulses!
The Ice Fiend gestures at you. The bolt of cold misses you.
Water spirits pour forth from the elemental wellspring!
The water elemental is engulfed in freezing vapours. x2
There is a gateway leading out of Cocytus here.
The water elemental disappears in a puff of smoke!
The wendigo gestures.
The quicksilver dragon simulacrum collapses into a mass of ice!
The mass of ice explodes!
The seracfall engulfs you!!! You partially resist.
You die...

≈≈≈≈≈≈≈≈≈ ≈≈≈
≈≈≈≈≈≈≈≈. ≈≈≈
≈≈≈≈≈≈≈.. ≈≈≈≈
..≈≈≈≈≈## ..≈≈^
≈≈≈≈E1## #..≈..
#EE≈≈.####..≈≈..
#E§≈≈..#..≈≈..#
##@§≈○...ZZ....
##..§CR≈≈Z....
##..≈≈≈≈≈....
#..≈..≈≈≈.≈≈
#.1≈....##≈≈
..≈..##..# #
#.≈≈.## #..
.≈≈..# #.#
.≈..##


You could see a frost giant, 2 Ice Fiends, a wendigo, an elemental wellspring, 3
water elementals and an ettin simulacrum.

Vanquished Creatures
  the Royal Jelly (Slime:5)
  2 dread liches (Vaults:4)
  Mennas (Crypt:2)
  2 ancient liches
  2 juggernauts (Depths:2)
  A royal mummy (Crypt:3)
  3 shard shrikes (Coc:2)
  Bai Suzhen (Depths:1)
  Geryon (Hell)
  A caustic shrike (Depths:2)
  Nikola (Vaults:3)
  3 golden dragons
  3 bone dragons
  Jorgrun (Elf:2)
  Rupert (D:13)
  2 deep elf blademasters (Elf:3)
  2 Ice Fiends
  2 quicksilver dragons
  5 tentacled monstrosities
  6 liches
  3 walking frostbound tomes (Depths:2)
  An Executioner (Abyss:4)
  11 titans
  2 deep elf master archers (Elf:3)
  24 acid blobs
  2 tentacled starspawn
  7 sphinxes
  12 ancient champions
  4 thorn hunters
  4 tengu reavers
  10 shadow dragons
  Donald (Swamp:2)
  Roxanne (D:14)
  3 revenants
  Kirke (Snake:1)
  6 fenstrider witches
  14 azure jellies
  15 rockslimes
  7 nagarajas
  A draconian knight (Abyss:2)
  3 storm dragons
  12 fire giants
  16 vault wardens
  3 iron dragons
  4 deep elf sorcerers
  A caustic shrike zombie (Crypt:2)
  7 frost giants
  A nargun (Coc:2)
  A balrug (Hell)
  A cacodemon (Hell)
  3 curse skulls (Crypt:2)
  4 deep elf elementalists (Elf:3)
  Aizul (Snake:3)
  8 ghouls
  2 orc warlords
  25 ironbound preservers
  2 spriggan defenders (Depths:2)
  15 quicksilver oozes
  A draconian stormcaller (Abyss:4)
  7 war gargoyles
  A caustic shrike skeleton (Crypt:3)
  11 reapers
  17 stone giants
  21 very ugly things
  4 ironbound thunderhulks
  A juggernaut skeleton (Crypt:2)
  A starcursed mass (Abyss:4)
  7 eleionomae
  8 vampire knights
  3 elemental wellsprings
  A bunyip (Swamp:2)
  Azrael (Snake:1)
  8 deep elf demonologists (Elf:3)
  An entropy weaver (Vaults:2)
  11 deep elf annihilators
  5 spark wasps
  A minotaur (Gauntlet)
  5 wendigos
  A crystal guardian (Vaults:1)
  8 dire elephants
  10 ettins
  9 deep elf death magi
  A merfolk javelineer (Depths:1)
  Snorg (D:11)
  2 eidola
  3 shambling mangroves
  6 blizzard demons
  12 jiangshi
  Fannar (Orc:1)
  2 mummy priests (Crypt:3)
  7 fire dragons
  5 deep elf high priests
  11 great orbs of eyes
  15 naga warriors
  3 rakshasas
  31 vault guards
  4 boulder beetles
  A salamander tyrant (Snake:3)
  14 yaktaur captains
  7 ironbound frosthearts
  9 ice dragons
  5 spriggan air magi
  3 quicksilver dragon skeletons
  21 anacondas
  2 peacekeepers
  4 catoblepae
  6 ghost crabs
  19 hydras
  A boulder beetle (shapeshifter) (Vaults:5)
  12 ogre magi
  3 death knights
  9 alligators
  26 two-headed ogres
  12 centaur warriors
  7 tengu warriors
  A two-headed ogre (shapeshifter) (Depths:1)
  29 dancing weapons
  2 satyrs (shapeshifter) (Vaults:5)
  4 deep troll shamans
  4 hell hogs
  5 deep troll earth magi
  3 titan zombies
  10 death yaks (Lair:6)
  An orc high priest (Elf:3)
  5 spriggan berserkers (Depths:2)
  6 vampire magi
  2 shock serpents (shapeshifter)
  14 naga sharpshooters
  Urug (Lair:3)
  4 soul eaters
  6 sun demons (Hell)
  Nergalle (Orc:1)
  15 deep elf knights
  8 thrashing horrors
  2 spatial maelstroms
  9 hell knights
  9 shock serpents
  2 salamander mystics
  33 skeletal warriors
  A spark wasp zombie (Hell)
  3 swamp dragons
  2 death drakes (Swamp:4)
  4 sixfirhies
  3 shadow wraiths
  A glowing orange brain (Abyss:2)
  6 goliath frogs
  6 sea snakes (Snake:4)
  A swamp dragon (shapeshifter) (Depths:2)
  2 anaconda skeletons (Hell)
  A glowing orange brain (shapeshifter) (Vaults:5)
  10 spriggan druids
  A storm dragon skeleton (Crypt:3)
  2 iron trolls
  11 lindwurms
  90 deep trolls
  12 ironbound convokers
  4 flayed ghosts
  15 wizards
  5 bog bodies
  5 naga ritualists
  7 orc knights
  A lindwurm (shapeshifter) (Elf:3)
  12 deep elf archers
  A harpy (shapeshifter) (D:14)
  9 necromancers
  An iron dragon zombie (Crypt:1)
  3 harpies (Vaults:1)
  8 mana vipers
  11 phantasmal warriors
  7 orc sorcerers
  15 deep elf pyromancers
  A cyclops (shapeshifter) (Depths:2)
  39 ugly things
  7 cyclopes
  24 deep elf zephyrmancers
  A stone giant zombie (Vaults:3)
  A wolf spider (shapeshifter) (Vaults:4)
  A fire giant zombie (Hell)
  2 shining eyes
  2 manticores (Lair:6)
  6 will-o-the-wisps
  8 salamanders
  A moth of wrath (shapeshifter) (Vaults:4)
  A worldbinder (Abyss:4)
  3 frost giant zombies (Hell)
  21 elephants
  4 apocalypse crabs (Swamp:2)
  6 eyes of devastation
  5 molten gargoyles
  A storm dragon simulacrum (Coc:1)
  16 vault sentinels
  17 naga magi
  2 titan simulacra (Coc:1)
  37 black mambas
  9 guardian serpents
  An eleionoma skeleton (Crypt:1)
  9 smoke demons
  A shock serpent skeleton (Crypt:1)
  10 orange demons
  21 cane toads
  An ice statue (Hell)
  9 rust devils
  25 yaktaurs
  2 dire elephant skeletons (Crypt:3)
  An elephant slug zombie (Crypt:3)
  2 sea snake zombies (Hell)
  A pale draconian zombie (Crypt:3)
  5 spriggan zombies (Hell)
  3 tormentors
  5 ice devils
  2 kobold demonologists (D:10)
  4 torpor snails
  9 komodo dragons
  2 efreet
  An entropy weaver simulacrum (IceCv)
  5 rime drakes
  3 tengu conjurers
  A hellion (Coc:1)
  A pale draconian skeleton (Crypt:3)
  2 hellwings (Swamp:4)
  8 freezing wraiths
  3 guardian mummies (Crypt:3)
  3 red devils
  A yaktaur (shapeshifter) (Vaults:5)
  A harpy zombie (Hell)
  A golden dragon simulacrum (Coc:1)
  2 bunyip simulacra (Coc:1)
  A sea snake skeleton (Hell)
  5 meliai
  12 trolls
  2 hydra zombies (Hell)
  3 ancient zymes
  9 tyrant leeches
  A black draconian skeleton (Crypt:3)
  2 hydra skeletons
  A purple draconian skeleton (Crypt:2)
  A bloated husk (Swamp:4)
  2 polar bears
  28 blink frogs
  13 hornets
  2 queen bees (shapeshifter)
  Grinder (D:5)
  A wolf spider simulacrum (D:15)
  An iron dragon simulacrum (Crypt:3)
  98 slime creatures
  4 raiju (Abyss:4)
  A radroach zombie (Crypt:1)
  A shadow dragon simulacrum (Coc:1)
  An ettin zombie (Crypt:3)
  2 harpy skeletons
  8 dream sheep (Lair:5)
  A guardian serpent skeleton (Crypt:3)
  9 spriggans
  A culicivora (Vaults:2)
  2 air elementals
  2 stone giant simulacra (Coc:1)
  An alligator skeleton (Hell)
  Eustachio (D:6)
  3 wraiths
  A naga simulacrum (Coc:2)
  2 shadows
  2 ynoxinuls
  4 ushabtiu (Crypt:3)
  2 centaur simulacra
  2 vampires
  8 water elementals
  9 fire elementals
  61 yaks
  4 wyverns
  A golden eye (shapeshifter) (Abyss:2)
  4 hogs (Snake:1)
  11 golden eyes
  3 basilisks
  2 steam dragons
  A redback (Vaults:2)
  4 neqoxecs
  6 vampire mosquitoes
  4 harpy simulacra
  3 wargs
  17 swamp worms
  9 large abominations
  31 nagas
  A swamp worm (shapeshifter) (Vaults:2)
  5 spatial vortices
  A floating eye (shapeshifter) (Vaults:5)
  2 acid dragons (D:12)
  Duvessa (D:6)
  10 hell hounds
  13 water moccasins
  3 floating eyes
  A deep troll skeleton (Crypt:3)
  2 human zombies
  2 naga skeletons (Crypt:3)
  27 orc warriors
  2 swamp drakes
  A black bear (shapeshifter) (D:15)
  A fire dragon simulacrum (Coc:1)
  A hornet zombie (D:5)
  2 sky beasts
  An ettin simulacrum (Coc:1)
  4 black bears
  2 ice beasts (D:8)
  33 ogres
  2 necrophages
  5 boggarts
  5 wolves (Lair:4)
  9 centaurs
  A centaur (shapeshifter) (Elf:1)
  A blink frog skeleton (Crypt:2)
  A kobold brigand (D:10)
  A bullfrog (shapeshifter) (D:13)
  An earth elemental (Elf:1)
  A human skeleton (Vaults:3)
  12 bullfrogs
  2 scorpions (D:5)
  An elf skeleton (Crypt:3)
  A wyvern zombie (D:9)
  A cane toad simulacrum (IceCv)
  4 small abominations
  9 water moccasin zombies
  A wyvern skeleton (D:5)
  A hornet simulacrum (D:14)
  Dowan (D:6)
  An elephant simulacrum (IceCv)
  A troll zombie (Crypt:1)
  3 killer bees (D:9)
  A troll skeleton (Crypt:2)
  9 wights
  3 electric eels
  9 howler monkeys
  3 lava snakes
  A bullfrog zombie (D:5)
  2 quasits (Abyss:3)
  5 jellies
  17 orc priests
  A hound (D:4)
  A bullfrog skeleton (D:5)
  A gnoll shaman (D:10)
  A centaur skeleton (D:7)
  A hell rat (Sewer)
  18 orc wizards
  3 polar bear simulacra (IceCv)
  A wolf simulacrum (IceCv)
  An ogre zombie (Crypt:3)
  A dwarf skeleton (Crypt:2)
  3 hound skeletons (D:4)
  2 mummies (Ossuary)
  12 gnolls
  7 adders
  A river rat (Sewer)
  5 white imps
  An ufetubus (D:5)
  3 adder zombies (Ossuary)
  3 worms
  3 dart slugs (D:4)
  61 orcs
  9 endoplasms
  4 giant cockroaches
  4 gnoll zombies (Ossuary)
  7 goblins
  5 hobgoblins
  An iguana (D:3)
  9 quokkas
  A river rat zombie (Crypt:2)
  9 ball pythons
  A bat (D:1)
  2 frilled lizards
  A giant cockroach zombie (Crypt:1)
  4 hobgoblin zombies (Ossuary)
  10 kobolds
  7 kobold zombies
  2 orc zombies (Ossuary)
  A quokka skeleton (Crypt:1)
  12 rats
  11 briar patches
  2 lurking horrors (Abyss:2)
2356 creatures vanquished.

Vanquished Creatures (collateral kills)
  Sojobo (Crypt:2)
  A tengu reaver (Crypt:2)
  A rockslime (Slime:5)
  A caustic shrike skeleton (Crypt:2)
  A quicksilver ooze (Slime:5)
  2 hydras
  A dancing weapon (Elf:2)
  A deep elf knight (Elf:2)
  A phantasmal warrior (Crypt:2)
  A deep elf zephyrmancer (Elf:2)
  A cane toad (Lair:1)
  Maggie (D:8)
  A meliai (D:10)
  A blink frog (Lair:1)
  A yak (Lair:5)
  An ice beast (D:6)
  A centaur (D:8)
  A bullfrog (Lair:1)
  An orc (D:8)
  A jackal skeleton (Crypt:2)
21 creatures vanquished.

Vanquished Creatures (others)
  Asterion (Depths:1)
  A fire giant (Vaults:5)
  A caustic shrike zombie (Hell)
  An elemental wellspring (Coc:1)
  A caustic shrike simulacrum (Coc:2)
  2 quicksilver dragon simulacra
  A spriggan druid (Swamp:2)
  A deep elf pyromancer (Elf:3)
  A spriggan zombie (Hell)
  An anaconda simulacrum (Coc:2)
  A bloated husk (Swamp:1)
  A stone giant simulacrum (Coc:1)
  A centaur simulacrum (Coc:2)
  A water elemental (Hell)
  A dire elephant simulacrum (Coc:2)
  A naga simulacrum (Coc:2)
  A human (Snake:1)
  A harpy simulacrum (Coc:3)
  3 ettin simulacra
  6 briar patches
  A bush (Lair:2)
  17 foxfires
  47 fungi
  A lurking horror (Abyss:3)
  83 plants
  2 starspawn tentacles (Abyss:2)
179 creatures vanquished.

Grand Total: 2556 creatures vanquished

Notes
Turn   | Place    | Note
-------+----------+-------------------------------------------
     0 | D:1      | suse60 the Minotaur Fighter began the quest for the Orb.
     0 | D:1      | Reached XP level 1. HP: 19/19 MP: 0/0
    82 | D:1      | Reached XP level 2. HP: 11/27 MP: 1/1
   712 | D:1      | Reached XP level 3. HP: 27/34 MP: 2/2
   856 | D:1      | Found a faded altar of an unknown god.
  1083 | D:2      | Identified a scroll of acquirement
  1083 | D:2      | Acquired the +14 plate armour "Meisum" {Contam Dex+3
                  | Stlth+}
  1452 | D:2      | Reached XP level 4. HP: 41/41 MP: 3/3
  1769 | D:3      | Reached skill level 5 in Fighting
  1778 | D:3      | Found a glowing drain.
  1798 | Sewer    | Entered a sewer
  1845 | Sewer    | Reached XP level 5. HP: 48/48 MP: 4/4
  1850 | Sewer    | Acquired 760 gold pieces
  2338 | D:3      | Found a shimmering altar of Xom.
  2890 | D:4      | Reached skill level 5 in Armour
  2969 | D:4      | Noticed an ogre
  2993 | D:4      | Killed an ogre
  2994 | D:4      | Reached skill level 5 in Axes
  2994 | D:4      | Reached XP level 6. HP: 45/57 MP: 5/5
  3168 | D:4      | Found a glowing silver altar of Zin.
  3280 | D:4      | Reached skill level 1 in Dodging
  3412 | D:4      | Found a staircase to the Ecumenical Temple.
  3425 | Temple   | Entered the Ecumenical Temple
  3470 | Temple   | Became a worshipper of Makhleb the Destroyer
  3558 | D:4      | Found a shadowy altar of Dithmenos.
  3660 | D:4      | Reached XP level 7. HP: 63/63 MP: 6/6
  3892 | D:5      | Entered Level 5 of the Dungeon
  4011 | D:5      | Reached skill level 5 in Dodging
  4058 | D:5      | Found a sand-covered staircase.
  4063 | Ossuary  | Entered an ossuary
  4116 | Ossuary  | Reached * piety under Makhleb
  4180 | Ossuary  | Reached XP level 8. HP: 73/73 MP: 7/7
  4711 | D:5      | Reached skill level 10 in Fighting
  4874 | D:5      | Noticed Grinder
  4884 | D:5      | Killed Grinder
  5019 | D:6      | Reached XP level 9. HP: 74/85 MP: 8/8
  5064 | D:6      | Noticed Eustachio
  5069 | D:6      | Reached ** piety under Makhleb
  5112 | D:6      | Killed Eustachio
  5266 | D:6      | Found an ancient bone altar of Kikubaaqudgha.
  5309 | D:6      | Noticed Dowan
  5326 | D:6      | Killed Dowan
  5327 | D:6      | Noticed Duvessa
  5341 | D:6      | Killed Duvessa
  5342 | D:6      | Reached skill level 10 in Axes
  5460 | D:6      | Reached skill level 1 in Invocations
  5833 | D:6      | Found a hazy altar of Hepliaklqana.
  6321 | D:7      | Found a blossoming altar of Fedhas.
  6697 | D:7      | Reached skill level 5 in Invocations
  7057 | D:8      | Got the Guide on Destructive Malediction
  7085 | D:8      | Reached *** piety under Makhleb
  7206 | D:8      | Reached XP level 10. HP: 93/93 MP: 13/13
  7238 | D:8      | Found a sacrificial altar of Ru.
  7238 | D:8      | Found a faded altar of an unknown god.
  7246 | D:8      | Found a hide-covered altar of Uskayaw.
  7248 | D:8      | Found a faded altar of an unknown god.
  7250 | D:8      | Found a stormy altar of Qazlal.
  7316 | D:8      | Noticed Maggie
  7325 | D:8      | Killed Maggie
  7326 | D:8      | Reached skill level 5 in Shields
  7696 | D:8      | Found a snail-covered altar of Cheibriados.
  8043 | D:9      | Found an ornate altar of the Wu Jian Council.
  8158 | D:9      | Found a broken altar of Ashenzari.
  8173 | D:9      | Found a staircase to the Lair.
  8388 | D:9      | Found a bloodstained altar of Trog.
  9001 | Lair:1   | Entered Level 1 of the Lair of Beasts
  9119 | Lair:1   | Noticed a cane toad
  9127 | Lair:1   | Killed a cane toad
  9165 | Lair:1   | Reached skill level 10 in Armour
  9190 | Lair:1   | Reached XP level 11. HP: 83/99 MP: 14/14
  9326 | Lair:1   | Noticed a five-headed hydra
  9412 | D:10     | Entered Level 10 of the Dungeon
  9874 | D:10     | Acquired the +3 pair of seven-league boots {Rampage+∞}
  9874 | D:10     | Found the +3 pair of seven-league boots {Rampage+∞}
 10131 | D:10     | Reached **** piety under Makhleb
 10649 | D:11     | Noticed a five-headed hydra
 10653 | D:11     | Noticed Snorg
 10928 | D:9      | Killed a five-headed hydra
 11549 | Lair:1   | Reached skill level 10 in Dodging
 11691 | Lair:1   | Noticed a six-headed hydra
 11706 | Lair:1   | Killed a six-headed hydra
 12213 | Lair:2   | Noticed a catoblepas
 12252 | Lair:2   | Identified the ring "Syerph" {rPois rF++ rCorr Str+6
                  | Slay+3}
 12356 | Lair:2   | Reached XP level 12. HP: 97/110 MP: 17/17
 12370 | Lair:2   | Found a frozen archway.
 12382 | IceCv    | Entered an ice cave
 12816 | Lair:2   | Killed a catoblepas
 12892 | Lair:2   | Noticed a seven-headed hydra
 12901 | Lair:2   | Killed a seven-headed hydra
 13012 | Lair:2   | Noticed a seven-headed hydra
 13016 | Lair:2   | Killed a nine-headed hydra
 13039 | Lair:2   | Found a staircase to the Swamp.
 13259 | Lair:3   | Found a staircase to the Snake Pit.
 13366 | Lair:3   | Reached ***** piety under Makhleb
 13367 | Lair:3   | Reached skill level 15 in Fighting
 13569 | Lair:3   | Noticed Urug
 13580 | Lair:3   | Killed Urug
 13668 | Lair:3   | Noticed an eight-headed hydra
 13676 | Lair:3   | Killed an eight-headed hydra
 13891 | Lair:3   | Noticed a six-headed hydra
 13901 | Lair:3   | Killed a six-headed hydra
 13978 | Lair:3   | Reached XP level 13. HP: 126/126 MP: 18/18
 15209 | Lair:5   | Reached skill level 15 in Axes
 15334 | Lair:5   | Found a dark tunnel.
 15341 | Volcano  | Entered a volcano
 16101 | Lair:6   | Entered Level 6 of the Lair of Beasts
 16131 | Lair:6   | Gained mutation: You are frail. (-10% HP) [mutagenic glow]
 16180 | Lair:6   | Reached skill level 10 in Invocations
 16182 | Lair:6   | Reached XP level 14. HP: 116/121 MP: 20/20
 16362 | Lair:6   | Reached ****** piety under Makhleb
 16437 | Lair:6   | Found a viscous altar of Jiyva.
 16438 | Lair:6   | Found a staircase to the Slime Pits.
 16902 | Lair:6   | Reached skill level 1 in Evocations
 17179 | Slime:1  | Entered Level 1 of the Pits of Slime
 17179 | Slime:1  | Noticed a rockslime
 17186 | Slime:1  | Killed a rockslime
 17400 | Slime:1  | Noticed an acid blob
 17586 | Snake:1  | Entered Level 1 of the Snake Pit
 17586 | Snake:1  | Found Untavy's Mayhem Merchandise.
 17760 | Snake:1  | Lost mutation: You are frail. (-10% HP) [potion of
                  | mutation]
 17760 | Snake:1  | Gained mutation: Your magical capacity is low. (-10% MP)
                  | [potion of mutation]
 17760 | Snake:1  | Gained mutation: Armour fits poorly on your strangely
                  | shaped body. [potion of mutation]
 17761 | Snake:1  | Lost mutation: Your magical capacity is low. (-10% MP)
                  | [potion of mutation]
 17761 | Snake:1  | Lost mutation: Armour fits poorly on your strangely shaped
                  | body. [potion of mutation]
 17761 | Snake:1  | Gained mutation: You are partially covered in iridescent
                  | scales. (AC +2) [potion of mutation]
 17761 | Snake:1  | Gained mutation: You passively dampen the noise of your
                  | surroundings. [potion of mutation]
 17761 | Snake:1  | Gained mutation: Your spells are a little harder to cast,
                  | but a little more powerful. [potion of mutation]
 17908 | Snake:1  | Reached skill level 5 in Evocations
 18055 | Snake:1  | Noticed Kirke
 18068 | Snake:1  | Killed Kirke
 18241 | Snake:1  | Reached XP level 15. HP: 143/143 MP: 24/24
 18255 | Snake:1  | Noticed Azrael
 18261 | Snake:1  | Killed Azrael
 20052 | Snake:2  | Found Tucwek's Neck Hole.
 20455 | Snake:3  | Noticed Aizul
 20484 | Snake:3  | Killed Aizul
 21338 | Snake:3  | Noticed a nagaraja
 21347 | Snake:3  | Killed a nagaraja
 21752 | Snake:3  | Noticed a nagaraja
 21757 | Snake:3  | Killed a nagaraja
 21868 | Snake:3  | Identified the +12 shortbow of Noehio {flame, Will++}
 22141 | Snake:4  | Entered Level 4 of the Snake Pit
 22203 | Snake:4  | Reached XP level 16. HP: 158/162 MP: 25/25
 22448 | Snake:4  | Found a runed translucent gate.
 22448 | Snake:4  | Found a runed translucent gate.
 22450 | Snake:4  | Found a runed translucent gate.
 23403 | D:11     | Killed Snorg
 23565 | D:11     | Found a bloodstained altar of Trog.
 23567 | D:11     | Found a shimmering altar of Xom.
 23567 | D:11     | Found a blossoming altar of Fedhas.
 23569 | D:11     | Found a shimmering altar of Xom.
 23569 | D:11     | Found a hide-covered altar of Uskayaw.
 23569 | D:11     | Found a sparkling altar of Nemelex Xobeh.
 23731 | D:12     | Reached skill level 10 in Shields
 23921 | D:12     | Found a staircase to the Orcish Mines.
 24464 | Orc:1    | Entered Level 1 of the Orcish Mines
 24478 | Orc:1    | Found a burning altar of Makhleb.
 24891 | Orc:1    | Noticed Fannar
 24901 | Orc:1    | Killed Fannar
 25011 | Orc:1    | Noticed Nergalle
 25025 | Orc:1    | Killed Nergalle
 25250 | Orc:2    | Entered Level 2 of the Orcish Mines
 25284 | Orc:2    | Found Eplov's Assorted Antiques.
 25322 | Orc:2    | Paralysed by an ogre mage for 5 turns
 25431 | Orc:2    | Found Xuvog's Jewellery Boutique.
 25436 | Orc:2    | Found Qule Poifu's Magic Scroll Emporium.
 25438 | Orc:2    | Bought a scroll of identify for 50 gold pieces
 25438 | Orc:2    | Bought a potion of heal wounds for 125 gold pieces
 25449 | Orc:2    | Found Oxizots's Antique Armour Boutique.
 25452 | Orc:2    | Bought 3 scrolls of identify for 72 gold pieces
 25512 | Orc:2    | Found a staircase to the Elven Halls.
 25847 | Orc:2    | Bought the ring of Qatohos {rC+ Str+6} for 870 gold pieces
 25897 | Elf:1    | Entered Level 1 of the Elven Halls
 26380 | Elf:1    | Found Seecitzu's General Store.
 26405 | Elf:1    | Identified the +0 scale mail of Qiffogeu {SInv}
 26508 | Elf:1    | Reached XP level 17. HP: 170/170 MP: 26/26
 26528 | Elf:1    | Paralysed by an air elemental for 1 turns
 27275 | Elf:2    | Found a huge runed translucent gate.
 27275 | Elf:2    | Found a huge runed translucent gate.
 27275 | Elf:2    | Found a huge runed translucent gate.
 27275 | Elf:2    | Found a huge runed translucent gate.
 27275 | Elf:2    | Found a huge runed translucent gate.
 27517 | Elf:2    | Found Xeagun's Magic Scroll Boutique.
 27527 | Elf:2    | Bought a scroll of enchant weapon for 105 gold pieces
 27527 | Elf:2    | Bought a scroll of teleportation for 42 gold pieces
 27632 | Elf:2    | Found Raruir's Jewellery Emporium.
 27632 | Elf:2    | Found Hodim's Book Shop.
 27633 | Elf:2    | Found Webbaor's Book Shop.
 27778 | Elf:2    | Noticed Jorgrun
 28040 | Elf:2    | Killed Jorgrun
 28041 | Elf:2    | Reached skill level 15 in Dodging
 28581 | Elf:3    | Entered Level 3 of the Elven Halls
 28604 | Elf:2    | Reached skill level 15 in Shields
 29042 | Elf:3    | Found Poune's Assorted Antiques.
 29056 | Elf:3    | Found Bipro's Assorted Antiques.
 29063 | Elf:3    | Bought an encrusted broad axe for 378 gold pieces
 29063 | Elf:3    | Identified the +1 broad axe of Inflation {vorpal, Dex+5}
                  | (You bought it in a shop on level 3 of the Elven Halls)
 29165 | Elf:3    | Paralysed by an air elemental for 1 turns
 29181 | Elf:3    | Found Xoem's Book Emporium.
 29235 | Elf:3    | Found Sodyxyrch's Distillery.
 29261 | Elf:3    | Bought a potion of curing for 39 gold pieces
 29261 | Elf:3    | Bought a potion of curing for 39 gold pieces
 29261 | Elf:3    | Bought a potion of curing for 39 gold pieces
 29283 | Elf:3    | Found Xiraeca's Antique Weapon Shoppe.
 29461 | Elf:3    | Noticed an Ice Fiend
 29461 | Elf:3    | Cast into level 3 of the Abyss (a deep elf demonologist)
 29537 | Elf:3    | Escaped the Abyss
 29600 | Elf:3    | Acquired the +14 obsidian axe {vorpal, Mesm Drain Fly SInv}
 29600 | Elf:3    | Found the +14 obsidian axe {vorpal, Mesm Drain Fly SInv}
 29826 | Elf:3    | Identified the amulet of Akhlomai {Faith rC+ rN+ Str-4}
 29829 | Elf:3    | Noticed a Hell Sentinel
 30199 | Elf:3    | Noticed a deep elf master archer
 30206 | Elf:3    | Killed a deep elf master archer
 30218 | Elf:3    | Reached XP level 18. HP: 102/159 MP: 27/27
 30234 | Elf:3    | Noticed a Brimstone Fiend
 30744 | Elf:3    | Identified the +7 chain mail of the Devil's Advocate {rC+}
 30770 | Elf:3    | Noticed a Tzitzimitl
 31381 | Elf:3    | Got the Grimoire of Ashen Darkness
 31727 | Elf:1    | Bought a scroll of enchant weapon for 127 gold pieces
 32066 | Snake:1  | Bought a wand of iceblast (2) for 72 gold pieces
 32482 | Snake:4  | Got a serpentine rune of Zot
 33919 | Slime:3  | Reached XP level 19. HP: 186/191 MP: 28/28
 34111 | Slime:3  | Gained mutation: Your skin changes colour to match your
                  | surroundings (Stealth+). [a shining eye]
 35141 | Slime:5  | Entered Level 5 of the Pits of Slime
 35212 | Slime:5  | Gained mutation: You are dopey. (Int -2) [a shining eye]
 35518 | Slime:5  | Reached skill level 15 in Armour
 35521 | Slime:5  | Found a viscous altar of Jiyva.
 35521 | Slime:5  | Found the +10 morningstar "Eos" {elec, Halo rElec}
 35628 | Slime:5  | Noticed the Royal Jelly
 36184 | Swamp:1  | Entered Level 1 of the Swamp
 36496 | Elf:2    | Bought a ring of flight for 297 gold pieces
 37296 | Swamp:2  | Lost mutation: Your skin changes colour to match your
                  | surroundings (Stealth+). [potion of mutation]
 37296 | Swamp:2  | Lost mutation: You passively dampen the noise of your
                  | surroundings. [potion of mutation]
 37296 | Swamp:2  | Lost mutation: Your spells are a little harder to cast, but
                  | a little more powerful. [potion of mutation]
 37296 | Swamp:2  | Gained mutation: Your spells are a little harder to cast,
                  | but a little more powerful. [potion of mutation]
 37571 | Swamp:2  | Found a runed translucent door.
 37717 | Swamp:2  | Noticed Donald
 37723 | Swamp:2  | Killed Donald
 37948 | Swamp:2  | Cast into level 2 of the Abyss (an apocalypse crab)
 38055 | Abyss:2  | Noticed a bone dragon
 38072 | Abyss:2  | Killed a bone dragon
 38562 | Abyss:3  | Found a corrupted altar of Lugonu.
 38668 | Swamp:2  | Escaped the Abyss
 38937 | Swamp:3  | Lost mutation: Your spells are a little harder to cast, but
                  | a little more powerful. [potion of mutation]
 38937 | Swamp:3  | Lost mutation: You are dopey. (Int -2) [potion of mutation]
 38937 | Swamp:3  | Gained mutation: Your flesh is cold resistant. (rC+)
                  | [potion of mutation]
 38937 | Swamp:3  | Gained mutation: You do not regenerate when monsters are
                  | visible. [potion of mutation]
 38937 | Swamp:3  | Gained mutation: You are mostly covered in iridescent
                  | scales. (AC +4) [potion of mutation]
 39731 | Swamp:4  | Entered Level 4 of the Swamp
 39869 | Swamp:4  | Reached XP level 20. HP: 200/200 MP: 29/29
 40189 | Swamp:4  | Gained mutation: Armour fits poorly on your strangely
                  | shaped body. [a neqoxec]
 40296 | Swamp:4  | Paralysed by an ogre mage for 5 turns
 40491 | Swamp:4  | Gained mutation: Your flesh is very cold resistant. (rC++)
                  | [a neqoxec]
 40672 | Swamp:4  | Lost mutation: You are mostly covered in iridescent scales.
                  | (AC +4) [potion of mutation]
 40672 | Swamp:4  | Lost mutation: Your flesh is very cold resistant. (rC++)
                  | [potion of mutation]
 40672 | Swamp:4  | Gained mutation: You are dopey. (Int -2) [potion of
                  | mutation]
 40672 | Swamp:4  | Gained mutation: Your system is resistant to poisons.
                  | (rPois) [potion of mutation]
 40672 | Swamp:4  | Gained mutation: You have sharp toenails. [potion of
                  | mutation]
 40673 | Swamp:4  | Lost mutation: You are dopey. (Int -2) [potion of mutation]
 40673 | Swamp:4  | Lost mutation: You do not regenerate when monsters are
                  | visible. [potion of mutation]
 40673 | Swamp:4  | Gained mutation: You are mostly covered in iridescent
                  | scales. (AC +4) [potion of mutation]
 40829 | Swamp:4  | Got a decaying rune of Zot
 42221 | Slime:5  | Found the ring of Shadows {Umbra +Inv Stlth+}
 42224 | Slime:5  | Paralysed by a great orb of eyes for 6 turns
 42751 | Slime:5  | Killed the Royal Jelly
 42755 | Slime:5  | HP: 9/200 [rockslime[the Royal Jelly] (8)]
 43206 | Slime:5  | Identified the +8 dire flail "Adisi Jitt" {protect, rElec
                  | rC- rN+ Str+7}
 43225 | Slime:5  | Identified the +2 short sword of Rigaw {spect, rElec MP+9
                  | Stlth-}
 43295 | Slime:5  | Got a slimy rune of Zot
 43773 | D:13     | Noticed Rupert
 43784 | D:13     | Killed Rupert
 43787 | D:13     | Found a gate to the Vaults.
 44274 | D:14     | Found a gate leading to a gauntlet.
 44283 | Gauntlet | Entered a Gauntlet
 44283 | Gauntlet | Found a transporter.
 44283 | Gauntlet | Found a transporter.
 44283 | Gauntlet | Found a transporter.
 44284 | Gauntlet | Found a transporter.
 44287 | Gauntlet | Found a transporter.
 44299 | Gauntlet | Found a transporter.
 44362 | Gauntlet | Found a transporter.
 44364 | Gauntlet | Found a large runed translucent door.
 44365 | Gauntlet | Found a large runed translucent door.
 44366 | Gauntlet | Found a large runed translucent door.
 44366 | Gauntlet | Found a large runed translucent door.
 44366 | Gauntlet | Found a runed translucent door.
 44366 | Gauntlet | Found a runed translucent door.
 44367 | Gauntlet | Found a large runed translucent door.
 44368 | Gauntlet | Found a large runed translucent door.
 44369 | Gauntlet | Found a large runed translucent door.
 44369 | Gauntlet | Found a large runed translucent door.
 44370 | Gauntlet | Found a runed translucent gate.
 44370 | Gauntlet | Found a runed translucent gate.
 44370 | Gauntlet | Found a runed translucent gate.
 44372 | Gauntlet | Found a transporter.
 44381 | Gauntlet | Found a large runed translucent door.
 44381 | Gauntlet | Found a large runed translucent door.
 44382 | Gauntlet | Found a large runed translucent door.
 44383 | Gauntlet | Found a large runed translucent door.
 44387 | Gauntlet | Found a transporter.
 44401 | Gauntlet | Found a transporter.
 44412 | Gauntlet | Found a transporter.
 44418 | Gauntlet | Found a transporter.
 44450 | Gauntlet | Found a large runed translucent door.
 44451 | Gauntlet | Found a large runed translucent door.
 44452 | Gauntlet | Found a large runed translucent door.
 44452 | Gauntlet | Found a large runed translucent door.
 44708 | Gauntlet | Identified the +4 short sword "Cairucvu" {antimagic, Str+6
                  | Dex-5}
 44762 | Gauntlet | Identified the +2 cloak of the King of the Hill {rN+ Str-4
                  | Int+6}
 44773 | D:14     | Noticed Roxanne
 44783 | D:14     | Killed Roxanne
 45509 | D:15     | Entered Level 15 of the Dungeon
 46013 | D:15     | Found Homiq's Weapon Emporium.
 46503 | D:15     | Found a staircase to the Depths.
 47037 | Vaults:1 | Entered Level 1 of the Vaults
 47236 | Vaults:1 | Reached XP level 21. HP: 207/207 MP: 30/30
 47780 | Vaults:1 | You fall into a shaft and drop 1 floor!
 48223 | Vaults:2 | Found Vatag's Book Shoppe.
 49964 | Vaults:3 | Reached XP level 22. HP: 220/220 MP: 31/31
 50425 | Vaults:3 | Found Vuobeatuaz's Antique Armour Shop.
 50433 | Vaults:3 | Bought a translucent cloak for 313 gold pieces
 50433 | Vaults:3 | Identified the +0 cloak "Fimnij" {+Blink rF+ rC- Str+6}
                  | (You bought it in a shop on level 3 of the Vaults)
 50556 | Vaults:3 | Found a staircase to the Crypt.
 50863 | Vaults:3 | Found Vudyewki's Armour Boutique.
 51000 | Vaults:4 | Identified the +4 fustibalus of Equivalence {vorpal, rN+}
 52217 | Vaults:5 | Entered Level 5 of the Vaults
 52266 | Crypt:1  | Entered Level 1 of the Crypt
 54322 | Crypt:2  | Noticed Sojobo
 54341 | Crypt:2  | Killed Sojobo
 54342 | Crypt:2  | Reached XP level 23. HP: 161/236 MP: 32/32
 54622 | Crypt:3  | Entered Level 3 of the Crypt
 54668 | Crypt:3  | Noticed Mennas
 54729 | Crypt:2  | Killed Mennas
 55224 | Crypt:2  | Reached skill level 27 in Fighting
 55799 | Crypt:3  | Identified the +1 leather armour "Anenlu" {rPois Str+3
                  | Dex+5}
 55828 | Crypt:3  | Identified the +6 scimitar of the King {flame, Fragile
                  | Int+4 Dex+2 Stlth+}
 56005 | Crypt:3  | Found a staircase to the Tomb.
 56212 | Crypt:3  | Found an ancient bone altar of Kikubaaqudgha.
 56212 | Crypt:3  | Noticed a royal mummy
 56237 | Crypt:3  | Gained mutation: You sometimes lose the ability to read
                  | scrolls when taking damage. [a cacodemon]
 56245 | Crypt:3  | Killed a royal mummy
 56299 | Crypt:3  | Found a basalt altar of Yredelemnul.
 56313 | Crypt:3  | Got Luonag's Catalogue of the Shifting Frostbite
 56623 | Vaults:5 | Noticed an ancient lich
 56942 | Vaults:5 | Paralysed by an orc sorcerer for 2 turns
 56951 | Vaults:4 | Reached XP level 24. HP: 209/245 MP: 32/32
 57066 | Vaults:4 | Killed an ancient lich
 57144 | Vaults:5 | Cast into level 2 of the Abyss (a deep elf sorcerer)
 57151 | Abyss:3  | Found a corrupted altar of Lugonu.
 57407 | Vaults:5 | Escaped the Abyss
 57407 | Vaults:5 | Noticed a dread lich
 57415 | Vaults:5 | Identified the +10 quarterstaff "Fegi" {speed, Drain rElec
                  | rN+++ rCorr}
 57419 | Vaults:5 | HP: 12/244 [shadow dragon/bolt of negative energy (12)]
 57426 | Vaults:4 | Killed a dread lich
 57996 | Vaults:5 | Noticed a dread lich
 58009 | Vaults:5 | Paralysed by something for 3 turns
 58022 | Vaults:4 | Killed a dread lich
 58051 | Vaults:5 | Paralysed by something for 6 turns
 58269 | Vaults:5 | Identified the ring "Fyeti" {*Slow rF+ rC++ Dex+6}
 58442 | Vaults:5 | Identified the +9 glaive of Dissolution {vamp, MP+9 Str+4
                  | Dex+3}
 58442 | Vaults:5 | Identified the +5 scale mail of Lies {rN+++}
 58752 | Vaults:5 | Identified the ring "Motresi" {Fly rElec rC++ rN+ Will+
                  | Str-5}
 58819 | Vaults:5 | Found the +3 hat of Pondering {ponderous, Will+ MP+10
                  | Int+5}
 58896 | Vaults:5 | Got Sif Muna's Grimoire of Scorching Transmigration
 58990 | Vaults:5 | Got a silver rune of Zot
 58991 | Vaults:5 | Lost mutation: You sometimes lose the ability to read
                  | scrolls when taking damage. [potion of mutation]
 58991 | Vaults:5 | Lost mutation: You have sharp toenails. [potion of
                  | mutation]
 58991 | Vaults:5 | Gained mutation: You possess an exceptional clarity of
                  | mind. [potion of mutation]
 58991 | Vaults:5 | Gained mutation: You are agile. (Dex +2) [potion of
                  | mutation]
 59327 | Vaults:3 | Noticed Nikola
 59334 | Vaults:3 | Killed Nikola
 59499 | Depths:1 | Entered Level 1 of the Depths
 59523 | Depths:1 | Noticed a dread lich
 59547 | Depths:1 | Found a transporter.
 59549 | Depths:1 | Noticed Nerphodd's ghost (adept DgCj)
 59556 | Depths:1 | Noticed Asterion
 59571 | Depths:1 | Killed Asterion
 59712 | Depths:1 | Found a gateway to Hell.
 59740 | Depths:1 | Found a transporter.
 59827 | Depths:1 | Found a one-way gate leading to the halls of Pandemonium.
 59860 | Depths:1 | Found an ornate altar of the Wu Jian Council.
 59908 | Depths:1 | Noticed Bai Suzhen
 59921 | Depths:1 | Killed Bai Suzhen
 59999 | Depths:1 | Found a one-way gateway to a ziggurat.
 60229 | Depths:1 | Found a white marble altar of Elyvilon.
 60862 | Depths:2 | Reached skill level 27 in Axes
 60956 | Depths:2 | Reached XP level 25. HP: 239/248 MP: 32/32
 61196 | Depths:2 | Noticed a juggernaut
 61208 | Depths:2 | Killed a juggernaut
 61291 | Depths:2 | Paralysed by a floating eye for 3 turns
 61337 | Depths:2 | Noticed a juggernaut
 61357 | Depths:2 | Killed a juggernaut
 62024 | Hell     | Entered the Vestibule of Hell
 62024 | Hell     | Noticed Geryon
 62497 | Hell     | Noticed an ancient lich
 62675 | Hell     | Killed an ancient lich
 62895 | Hell     | Killed Geryon
 63147 | Hell     | Found a gateway to the Iron City of Dis.
 63234 | Hell     | Found a gateway to the decaying netherworld of Tartarus.
 63289 | Hell     | Found a gateway to the freezing wastes of Cocytus.
 63357 | Hell     | Found a gateway to the ashen valley of Gehenna.
 63686 | Coc:1    | Entered Level 1 of Cocytus
 63729 | Coc:1    | Paralysed by a wendigo for 1 turns
 64118 | Coc:2    | Noticed a shard shrike
 64118 | Coc:2    | Noticed a shard shrike
 64118 | Coc:2    | Noticed a shard shrike
 64123 | Coc:2    | Killed a shard shrike
 64124 | Coc:2    | Paralysed by a wendigo for 1 turns
 64127 | Coc:2    | Killed a shard shrike
 64133 | Hell     | Reached XP level 26. HP: 114/261 MP: 32/32
 64628 | Coc:2    | Paralysed by a wendigo for 1 turns
 64637 | Coc:2    | Paralysed by a wendigo for 1 turns
 65200 | Coc:3    | Killed from afar by a wendigo

Illustrated notes

Levels and vault maps discovered:
D:1:      dpeg_arrival_radiant, layout_loops_ring,
          hellmonk_ecumenical_altar_leap_of_faith
D:2:      layout_basic, minmay_misc_feat_nine_boxes
D:3:      layout_basic, dk_xom_monty_hall, portal_sewer_entry_f,
          kennysheep_generic_room_12
D:4:      layout_loops_cross, mainiacjoe_overflow_paths,
          mainiacjoe_overflow_alcove_4, temple_hall
D:5:      layout_loops_ring, enter_ossuary_5, hangedman_abyss_or_decor_stagger,
          uniq_grinder
D:6:      layout_cave_pools, lemuel_crystal_altar,
          lemuel_coloured_pillars_altar, uniq_duvessa, uniq_eustachio
D:7:      layout_loops_corners, kennysheep_little_box, hex_large,
          minmay_hedge_maze
D:8:      layout_gridville, lemuel_round_altar,
          chequers_temple_overflow_minitemple, kennysheep_generic_room_15,
          uniq_maggie
D:9:      layout_stronghold, old_standard_altar, mainiacjoe_overflow_boulevard,
          ashenzari_altar_1, lair_entry_dummy
D:10:     layout_roguey, minmay_misc_feat_cross
D:11:     layout_cross, moated_statue, doesnt_xom_only_xom, uniq_snorg
D:12:     layout_basic, orc_0_dummy
D:13:     layout_long_grid, skrybe_vaults_entry_preservation,
          minmay_beelzebubs_servants, uniq_rupert
D:14:     layout_basic, gauntlet_entry_generic, uniq_roxanne
D:15:     grunt_enter_depths_hoard, layout_layer_cave, nicolae_water_bricks,
          serial_shops, nicolae_shop_statue_plus
Temple:   nicolae_temple_figure_zero
Lair:1:   layout_cave_pods, grunt_megastairs_4
Lair:2:   layout_cave_shapes, palyth_hydra_swamp_entry,
          portal_ice_cave_demonic_guard, minivault_19
Lair:3:   layout_regular_city, guppyfry_snake_entry_island, disabler_island,
          uniq_urug
Lair:4:   layout_cave_shapes, beast_lair_carwin_2
Lair:5:   layout_loops_ring, enter_volcano_1, serial_bayou_lake_a,
          serial_bayou_shore_b
Lair:6:   evilmike_catoblepas_cave, layout_misc_corridors, slime_altar_1,
          hangedman_lair_generics_rect
Swamp:1:  layout_falls_marsh, evilmike_swamp_ruin_rubble_1
Swamp:2:  gammafunk_mikee_crab_dinner, layout_basic_swamp,
          hangedman_swamp_blocks, uniq_donald
Swamp:3:  nzn_winding_woodlands_small [nzn_winding_woodlands_5x15_default,
          nzn_winding_woodlands_center_garden,
          nzn_winding_woodlands_5x15_concentric], layout_basic_swamp,
          evilmike_swamp_ruin_house_5
Swamp:4:  nzn_swamp_witches_coven, layout_basic_swamp
Snake:1:  layout_layer_cave, minmay_shop_mayhem, uniq_azrael, uniq_kirke
Snake:2:  layout_grid_shapes, drop_trap, nicolae_shop_sticking_my_neck_out,
          grunt_megastairs_5
Snake:3:  kennysheep_snake, layout_cave_town, uniq_aizul
Snake:4:  grunt_snake_rune_pools, layout_basic, nicolae_snake_horde_hoard
Slime:1:  layout_caves
Slime:2:  layout_caves, nicolae_slime_phagocytosis
Slime:3:  layout_caves, cheibrodos_slime_lost_civilization_7
Slime:4:  layout_caves
Slime:5
Orc:1:    layout_caves, basic_altar, mines4_lemuel, uniq_nergalle, uniq_fannar
Orc:2:    st_orc_open, layout_caves
Elf:1:    elf_arrival_001, layout_geoelf_grid, serial_shops,
          nicolae_take_the_stairs, minivault_28
Elf:2:    elven_hall_of_blades_hangedman_alternative [nicolae_blade_bullseye],
          layout_geoelf_octagon, nicolae_stop_n_shop_2, minmay_shop_grove,
          uniq_jorgrun
Elf:3:    elf_hall, layout_loops_ring, serial_shops, nicolae_shop_stone,
          shop_statue, shop, nicolae_shop_stone, nicolae_square_shop,
          kilobyte_rumbling_trees
Vaults:1: nicolae_vaults_yaktaur_gun_rack, hangedman_vaults_slice,
          hangedman_vaults_stagger, v_misc_11, v_misc_16, vaults_dpeg_ring,
          v_rooms_1, ontoclasm_vaults_spin, nicolae_vaults_asterisk,
          vaults_dpeg_cross, layout_vaults_big_room
Vaults:2: nicolae_vaults_quadrants, ontoclasm_vaults_ligature, v_pattern_1,
          nicolae_vaults_little_ls, v_misc_19, v_misc_19, vaults_mumra_lcd,
          nicolae_vaults_three_branches, v_misc_4,
          nicolae_vaults_little_squares_2, v_misc_26,
          nicolae_vaults_network_barrier, grunt_vaults_bifocal, v_misc_26,
          layout_vaults_maze, serial_shops, nicolae_shop_behind_doors
Vaults:3: grunt_vaults_funnel, ontoclasm_vaults_ring_square,
          hangedman_vaults_slither, v_misc_11, vaults_mumra_chevron,
          vaults_room_ringed_pool, nicolae_vaults_triangles, v_misc_25,
          v_misc_19, layout_vaults_omnigrid, serial_shops, shop_fountains,
          nicolae_shop_statue_plus, uniq_nikola
Vaults:4: nicolae_vaults_big_angled_halls, vaults_room_octagon,
          vaults_room_grid, hangedman_vaults_snaps, vaults_mumra_bighexcomb,
          nicolae_vaults_twisting_passages, v_alt_pattern_2, v_misc_30,
          ontoclasm_vaults_chip, hangedman_vaults_restitches, v_misc_22,
          vaults_room_stairs_pillars, v_misc_23, vaults_dpeg_hooks,
          layout_vaults_omnibox
Vaults:5
Crypt:1:  layout_catacombs
Crypt:2:  layout_basic, lemuel_upstairs_altar, uniq_sojobo
Crypt:3:  lightli_unholy_cathedral, layout_chaotic_city, minivault_23,
          st_small_mortuary, uniq_mennas
Depths:1: layout_gridlike, enter_ziggurat_b, hell_entry,
          nicolae_elyvilon_temple_path, gammafunk_ghost_mausoleum, pan_entry,
          nicolae_wu_jian_wuxing_cycle, uniq_bai_suzhen, uniq_asterion
Depths:2: minmay_octagon_city, layout_cave_pools, hangedman_coc_ice_floe,
          pan_entry, st_stairs_10, corexii_hall_statues_s
Hell
Coc:1:    nicolae_coc_on_the_berg
Coc:2:    layout_ice_bergs
Coc:3:    layout_ice_bergs

Skill      XL: |  1  2  3  4  5  6  7  8  9 10 11 12 13 14 15 16 17 18 19 20 21 22 23 24 25 26 |
---------------+-------------------------------------------------------------------------------+-----
Fighting       | 4 5 6 7 10 11 15 20 22 23 26 27 | 27.0
Axes           | 3 4 5 7 10 11 16 19 22 27 | 27.0
Armour         | 4 5 11 12 18 20 25 | 25.7
Dodging        | 3 5 10 13 15 18 20 | 20.0
Invocations    | 5 8 10 13 14 | 14.0
Shields        | 4 7 12 15 18 20 | 20.0
Evocations     | 5 7 8 |  8.4

Action                   |  1- 3 |  4- 6 |  7- 9 | 10-12 | 13-15 | 16-18 | 19-21 | 22-24 | 25-27 || total
-------------------------+-------+-------+-------+-------+-------+-------+-------+-------+-------++-------
Melee: War axe           |    76 |   163 |   349 |   521 |   876 |  1084 |  1402 |  1276 |   470 ||  6217
       Headbutt          |    14 |    23 |    71 |   136 |   232 |   317 |   529 |   440 |   184 ||  1946
       Flail             |       |       |       |    23 |    17 |       |       |       |       ||    40
       Scimitar          |       |       |       |       |       |     5 |    41 |       |       ||    46
       Broad axe         |       |       |       |       |       |    20 |       |       |       ||    20
Throw: Dart              |       |     2 |    11 |     5 |       |       |       |       |       ||    18
Invok: Lesser Servant of |       |       |       |    10 |     1 |       |       |       |       ||    11
       Greater Servant o |       |       |       |       |     1 |     1 |     4 |     3 |       ||     9
Evoke: Wand              |       |       |       |     9 |       |    10 |    20 |     6 |     8 ||    53
       Condenser vane    |       |       |       |       |       |       |       |       |     1 ||     1
  Use: Scroll            |     4 |     9 |     4 |    11 |     9 |    13 |    12 |     8 |     1 ||    71
       Potion            |       |       |     2 |     4 |     3 |     4 |    16 |    11 |     1 ||    41
 Stab: Distracted        |       |       |       |     3 |     1 |     6 |    34 |    45 |    17 ||   106
       Petrifying        |       |       |       |     3 |       |       |       |       |       ||     3
       Petrified         |       |       |       |     9 |       |       |       |       |       ||     9
       Confused          |       |       |       |       |       |       |     2 |       |       ||     2
Armor: Scale mail        |    20 |       |       |       |       |       |       |       |       ||    20
       Plate armour      |    12 |    90 |   208 |   314 |   358 |   281 |   426 |   398 |   242 ||  2329
       Skin              |       |       |     2 |       |       |       |       |       |       ||     2
Dodge: Dodged            |    29 |    30 |   110 |   206 |   297 |   202 |   353 |   423 |   270 ||  1920
Block: Buckler           |    11 |    39 |    86 |   166 |   306 |       |       |       |       ||   608
       Reflection        |       |       |       |       |    31 |    95 |    69 |    45 |    15 ||   255
       Tower shield      |       |       |       |       |    31 |   926 |  1239 |  1390 |   708 ||  4294
